General information
- name: BNet
- type: Ladder team game (AT/RT)
- host: Battle.net
- saver: SUPAlos3
map: FullScaleAssault
- players: 8
- length: 42:50
- speed: Fast
- version: 1.24 W3XP
- replay type: Public
» download(259 KB)
Players
team 1 (winner)

»
backin7years (
pink | 39 APM | 1157 actions | 29:29)
5 Lich
3 Frost Nova
1 Dark Ritual
1 Frost Armor
6 Death Knight
2 Death Coil
3 Unholy Aura
1 Animate Dead
» actions
| Assign group hotkey | 55 | |
| Basic commands | 52 | |
| Build / train | 85 | |
| ESC pressed | 1 | |
| Enter build submenu | 20 | |
| Enter hero's abilities submenu | 11 | |
| Give item / drop item | 10 | |
| Remove unit from queue | 1 | |
| Right click | 233 | |
| Select / deselect | 210 | |
| Select group hotkey | 415 | |
| Use ability | 64 | |
1157 total
» units
| Acolyte | 7 | |
| Ghoul | 8 | |
| Abomination | 10 | |
| Gargoyle | 8 | |
33 total
» upgrades
| Unholy Armor | 3 | |
| Cannibalize | 1 | |
| Unholy Strength | 3 | |
| Disease Cloud | 1 | |
| Creature Attack | 2 | |
| Creature Carapace | 2 | |
12 total
» buildings
| Ziggurat | 9 | |
| Altar of Darkness | 1 | |
| Crypt | 2 | |
| Graveyard | 1 | |
| Halls of the Dead | 1 | |
| Tomb of Relics | 1 | |
| Nerubian Tower | 4 | |
| Slaughterhouse | 2 | |
| Black Citadel | 1 | |
| Necropolis | 1 | |
| Spirit Tower | 1 | |
24 total
» build order
00:10 Ziggurat
00:15 Altar of Darkness
00:34 Crypt
01:16 Graveyard
02:21 Ziggurat
02:51 Halls of the Dead
03:40 Ziggurat
03:46 Tomb of Relics
03:55 Nerubian Tower
05:20 Slaughterhouse
05:28 Slaughterhouse
06:10 Ziggurat
06:59 Black Citadel
11:01 Ziggurat
11:03 Nerubian Tower
11:52 Ziggurat
13:23 Ziggurat
14:31 Nerubian Tower
16:36 Ziggurat
17:22 Necropolis
17:26 Ziggurat
18:11 Nerubian Tower
18:44 Spirit Tower
25:55 Crypt
» items
| Orb of Corruption | 2 | |
| Potion of Healing | 2 | |
| Potion of Lesser Invulnerability | 2 | |
| Periapt of Vitality | 2 | |
| Scroll of Protection | 3 | |
| Sacrificial Skull | 1 | |
| Scroll of Healing | 2 | |
| Potion of Mana | 1 | |
| Scroll of Town Portal | 3 | |
| Orb of Fire | 1 | |
19 total
SUPAlos3 (
orange | 88 APM | 3750 actions | 42:50)
10 Blood Mage
3 Flame Strike
3 Siphon Mana
1 Summon Phoenix
3 Banish
» actions
| Assign group hotkey | 12 | |
| Basic commands | 182 | |
| Build / train | 128 | |
| ESC pressed | 2 | |
| Enter build submenu | 94 | |
| Enter hero's abilities submenu | 10 | |
| Give item / drop item | 8 | |
| Right click | 1653 | |
| Select / deselect | 518 | |
| Select group hotkey | 881 | |
| Use ability | 262 | |
3750 total
» units
| Peasant | 30 | |
| Goblin Zeppelin | 3 | |
| Goblin Shredder | 2 | |
| Blue Dragon | 3 | |
| Blue Drake | 2 | |
| Blue Dragon Whelp | 1 | |
41 total
» upgrades
» buildings
| Lumber Mill | 6 | |
| Farm | 19 | |
| Scout Tower | 109 | |
| Arcane Tower | 4 | |
| Altar of Kings | 1 | |
| Keep | 3 | |
| Arcane Vault | 7 | |
| Guard Tower | 42 | |
| Town Hall | 1 | |
| Castle | 1 | |
| Blacksmith | 2 | |
| Arcane Sanctum | 1 | |
196 total
» build order
00:11 Lumber Mill
00:18 Farm
00:21 Scout Tower
00:48 Arcane Tower
01:09 Altar of Kings
01:36 Farm
01:41 Farm
02:19 Keep
02:19 Keep
02:20 Keep
02:47 Scout Tower
02:55 Arcane Vault
03:16 Scout Tower
03:17 Guard Tower
03:44 Guard Tower
05:43 Scout Tower
05:47 Farm
05:49 Farm
05:52 Farm
06:13 Guard Tower
07:33 Town Hall
07:41 Scout Tower
07:42 Scout Tower
08:00 Castle
08:36 Guard Tower
08:40 Scout Tower
08:47 Scout Tower
09:10 Guard Tower
09:36 Guard Tower
09:38 Scout Tower
09:39 Scout Tower
10:18 Arcane Tower
10:32 Guard Tower
10:33 Scout Tower
10:36 Scout Tower
11:06 Farm
11:23 Scout Tower
11:24 Scout Tower
11:24 Scout Tower
11:31 Scout Tower
11:41 Guard Tower
11:50 Scout Tower
11:54 Scout Tower
11:55 Guard Tower
11:55 Guard Tower
11:58 Scout Tower
12:01 Scout Tower
12:02 Guard Tower
12:18 Scout Tower
12:19 Scout Tower
12:20 Scout Tower
12:23 Scout Tower
12:26 Scout Tower
12:26 Scout Tower
12:27 Scout Tower
12:30 Guard Tower
12:31 Scout Tower
12:32 Guard Tower
12:34 Scout Tower
12:36 Scout Tower
12:38 Guard Tower
12:47 Guard Tower
12:49 Scout Tower
12:50 Scout Tower
12:51 Scout Tower
12:52 Guard Tower
13:05 Farm
13:06 Farm
13:07 Farm
13:21 Guard Tower
13:23 Farm
13:24 Farm
13:26 Scout Tower
13:28 Scout Tower
13:30 Scout Tower
13:32 Scout Tower
13:34 Scout Tower
13:38 Guard Tower
13:51 Guard Tower
13:58 Guard Tower
14:08 Farm
15:06 Guard Tower
15:08 Scout Tower
15:08 Scout Tower
15:09 Scout Tower
15:11 Scout Tower
15:16 Scout Tower
15:16 Scout Tower
15:18 Scout Tower
15:20 Scout Tower
15:21 Scout Tower
15:23 Scout Tower
15:58 Guard Tower
16:01 Lumber Mill
16:05 Lumber Mill
16:10 Lumber Mill
16:12 Scout Tower
16:14 Scout Tower
16:19 Guard Tower
16:21 Scout Tower
16:26 Lumber Mill
16:32 Lumber Mill
17:08 Guard Tower
17:10 Scout Tower
17:11 Scout Tower
17:12 Scout Tower
17:14 Scout Tower
17:21 Arcane Tower
17:25 Scout Tower
17:26 Scout Tower
17:34 Scout Tower
17:36 Scout Tower
17:37 Scout Tower
17:41 Scout Tower
17:47 Guard Tower
17:56 Scout Tower
17:58 Scout Tower
18:01 Scout Tower
18:02 Scout Tower
18:39 Guard Tower
18:48 Scout Tower
18:50 Scout Tower
18:52 Scout Tower
18:54 Scout Tower
18:55 Scout Tower
18:56 Scout Tower
19:13 Guard Tower
19:16 Guard Tower
19:19 Guard Tower
19:25 Scout Tower
19:28 Scout Tower
19:29 Scout Tower
19:30 Guard Tower
19:37 Scout Tower
19:38 Guard Tower
19:41 Scout Tower
19:42 Scout Tower
19:42 Scout Tower
19:49 Scout Tower
19:50 Scout Tower
19:52 Scout Tower
19:53 Scout Tower
19:55 Scout Tower
19:56 Scout Tower
19:58 Scout Tower
20:20 Guard Tower
20:22 Guard Tower
20:52 Guard Tower
20:55 Guard Tower
21:12 Guard Tower
21:14 Scout Tower
21:15 Scout Tower
21:16 Scout Tower
22:26 Guard Tower
22:37 Arcane Vault
22:37 Arcane Vault
22:52 Arcane Vault
23:06 Guard Tower
23:10 Arcane Vault
23:11 Arcane Vault
23:13 Arcane Vault
23:38 Scout Tower
23:40 Scout Tower
24:29 Guard Tower
24:31 Blacksmith
24:34 Blacksmith
24:48 Arcane Tower
28:34 Scout Tower
28:35 Scout Tower
28:36 Scout Tower
30:05 Scout Tower
30:06 Scout Tower
30:07 Scout Tower
30:09 Scout Tower
30:11 Scout Tower
31:09 Guard Tower
32:23 Guard Tower
32:38 Scout Tower
32:39 Scout Tower
32:41 Scout Tower
32:41 Scout Tower
32:55 Scout Tower
32:58 Scout Tower
36:10 Arcane Sanctum
36:14 Scout Tower
36:16 Scout Tower
36:17 Scout Tower
36:19 Scout Tower
36:20 Scout Tower
36:49 Farm
36:50 Farm
36:51 Farm
36:51 Farm
36:57 Farm
37:02 Farm
37:31 Guard Tower
» items
| Scroll of Regeneration | 6 | |
| Potion of Healing | 7 | |
| Lesser Clarity Potion | 3 | |
| Boots of Speed | 1 | |
| Staff of Teleportation | 2 | |
| Orb of Fire | 1 | |
| Scroll of Town Portal | 2 | |
22 total
DarthVader (
teal | 39 APM | 1666 actions | 42:49)
5 Archmage
2 Summon Water Elemental
3 Blizzard
» actions
| Build / train | 90 | |
| Enter build submenu | 26 | |
| Enter hero's abilities submenu | 5 | |
| Right click | 1058 | |
| Select / deselect | 443 | |
| Use ability | 44 | |
1666 total
» units
| Peasant | 18 | |
| Footman | 8 | |
| Gryphon Rider | 43 | |
69 total
» upgrades
| Swords | 3 | |
| Lumber Harvesting | 2 | |
| Armor | 3 | |
| Animal War Training | 1 | |
| Storm Hammers | 1 | |
10 total
» buildings
| Altar of Kings | 1 | |
| Farm | 13 | |
| Barracks | 1 | |
| Keep | 1 | |
| Lumber Mill | 1 | |
| Blacksmith | 2 | |
| Town Hall | 3 | |
| Castle | 1 | |
| Gryphon Aviary | 4 | |
| Arcane Vault | 1 | |
28 total
» build order
00:10 Altar of Kings
00:13 Farm
00:58 Barracks
01:15 Farm
01:54 Farm
02:35 Farm
03:17 Farm
04:08 Keep
04:44 Lumber Mill
04:48 Blacksmith
05:56 Town Hall
06:34 Castle
07:03 Farm
07:51 Farm
08:08 Gryphon Aviary
08:33 Farm
08:54 Gryphon Aviary
09:12 Farm
09:37 Gryphon Aviary
09:55 Farm
10:39 Farm
10:42 Gryphon Aviary
11:32 Farm
12:22 Blacksmith
12:53 Farm
18:12 Town Hall
19:47 Arcane Vault
28:07 Town Hall
» items
| Scroll of Town Portal | 2 | |
| Potion of Healing | 1 | |
3 total
G13M (
green | 44 APM | 1875 actions | 42:49)
9 Priestess of the Moon
3 Trueshot Aura
3 Searing Arrows
1 Starfall
2 Scout
6 Keeper of the Grove
2 Entangling Roots
3 Thorns Aura
1 Tranquility
» actions
| Basic commands | 3 | |
| Build / train | 133 | |
| Enter build submenu | 47 | |
| Enter hero's abilities submenu | 15 | |
| Give item / drop item | 4 | |
| Right click | 983 | |
| Select / deselect | 601 | |
| Use ability | 89 | |
1875 total
» units
| Wisp | 40 | |
| Archer | 21 | |
| Goblin Zeppelin | 1 | |
| Goblin Shredder | 1 | |
| Dryad | 13 | |
| Druid of the Claw | 9 | |
| Frost Wyrm | 3 | |
88 total
» upgrades
| Strength of the Wild | 3 | |
| Reinforced Hides | 3 | |
| Abolish Magic | 1 | |
| Druid of the Claw Training | 2 | |
| Ultravision | 1 | |
| Mark of the Claw | 1 | |
| Strength of the Moon | 3 | |
| Moon Armor | 2 | |
| Improved Bows | 1 | |
| Marksmanship | 1 | |
| Creature Attack | 1 | |
| Creature Carapace | 1 | |
| Freezing Breath | 1 | |
21 total
» buildings
| Altar of Elders | 1 | |
| Moon Well | 9 | |
| Ancient of War | 2 | |
| Hunter's Hall | 1 | |
| Tree of Ages | 2 | |
| Tree of Life | 2 | |
| Ancient of Lore | 4 | |
| Ancient Protector | 19 | |
| Tree of Eternity | 2 | |
| Ancient of Wonders | 2 | |
| Sacrificial Pit | 1 | |
| Boneyard | 3 | |
48 total
» build order
00:07 Altar of Elders
00:10 Moon Well
00:14 Ancient of War
02:03 Moon Well
03:04 Moon Well
03:48 Hunter's Hall
05:01 Tree of Ages
06:13 Moon Well
08:20 Tree of Life
08:57 Ancient of Lore
09:37 Ancient of Lore
09:44 Moon Well
11:11 Tree of Life
11:40 Ancient Protector
11:54 Tree of Eternity
12:18 Ancient Protector
12:49 Ancient Protector
12:59 Ancient Protector
13:37 Moon Well
14:35 Moon Well
17:57 Ancient Protector
18:02 Ancient Protector
18:07 Ancient Protector
18:11 Ancient Protector
18:19 Ancient Protector
18:27 Ancient Protector
18:33 Ancient Protector
19:43 Ancient Protector
20:08 Ancient Protector
20:11 Ancient Protector
20:15 Ancient Protector
20:18 Ancient Protector
20:26 Ancient Protector
21:02 Ancient Protector
21:09 Ancient of Wonders
22:47 Ancient Protector
22:58 Ancient of Wonders
23:48 Tree of Ages
25:09 Moon Well
25:11 Moon Well
26:27 Ancient of Lore
26:31 Ancient of War
26:35 Tree of Eternity
27:05 Ancient of Lore
29:55 Sacrificial Pit
36:29 Boneyard
36:31 Boneyard
36:33 Boneyard
» items
| Potion of Lesser Invulnerability | 1 | |
| Scroll of Town Portal | 1 | |
| Potion of Healing | 1 | |
3 total
team 2 (loser)

»
jp5015 (
purple | 50 APM | 1971 actions | 39:30)
5 Crypt Lord
3 Carrion Beetles
2 Spiked Carapace
5 Death Knight
3 Unholy Aura
2 Death Coil
3 Dreadlord
1 Vampiric Aura
1 Sleep
1 Carrion Swarm
» actions
| Assign group hotkey | 71 | |
| Basic commands | 148 | |
| Build / train | 111 | |
| Enter build submenu | 24 | |
| Enter hero's abilities submenu | 13 | |
| Give item / drop item | 1 | |
| Right click | 350 | |
| Select / deselect | 735 | |
| Select group hotkey | 463 | |
| Use ability | 55 | |
1971 total
» units
| Acolyte | 8 | |
| Ghoul | 15 | |
| Necromancer | 13 | |
| Banshee | 6 | |
| Meatwagon | 15 | |
| Abomination | 10 | |
| Crypt Fiend | 1 | |
| Goblin Zeppelin | 1 | |
69 total
» upgrades
| Unholy Strength | 3 | |
| Unholy Armor | 3 | |
| Cannibalize | 1 | |
| Necromancer Training | 2 | |
| Skeletal Longevity | 1 | |
| Banshee Training | 2 | |
| Exhume Corpses | 1 | |
| Disease Cloud | 1 | |
| Ghoul Frenzy | 1 | |
| Skeletal Mastery | 1 | |
| Web | 1 | |
17 total
» buildings
| Altar of Darkness | 1 | |
| Ziggurat | 10 | |
| Graveyard | 1 | |
| Crypt | 1 | |
| Halls of the Dead | 1 | |
| Temple of the Damned | 1 | |
| Slaughterhouse | 1 | |
| Black Citadel | 3 | |
| Spirit Tower | 3 | |
| Nerubian Tower | 1 | |
| Tomb of Relics | 1 | |
24 total
» build order
00:07 Altar of Darkness
00:15 Ziggurat
00:53 Graveyard
01:16 Crypt
01:35 Ziggurat
01:57 Ziggurat
03:02 Ziggurat
03:59 Halls of the Dead
05:28 Ziggurat
07:44 Temple of the Damned
07:50 Slaughterhouse
08:15 Black Citadel
08:15 Black Citadel
08:15 Black Citadel
09:10 Ziggurat
09:42 Ziggurat
09:44 Ziggurat
09:48 Ziggurat
09:51 Ziggurat
11:00 Spirit Tower
11:02 Nerubian Tower
15:20 Spirit Tower
15:23 Spirit Tower
17:58 Tomb of Relics

»
THEJOKER (
yellow | 28 APM | 1153 actions | 40:51)
6 Blademaster
2 Wind Walk
2 Critical Strike
1 Mirror Image
1 Bladestorm
5 Tauren Chieftain
3 Endurance Aura
1 War Stomp
1 Shockwave
» actions
| Basic commands | 2 | |
| Build / train | 88 | |
| Enter build submenu | 28 | |
| Enter hero's abilities submenu | 10 | |
| Give item / drop item | 1 | |
| Right click | 550 | |
| Select / deselect | 407 | |
| Use ability | 66 | |
1153 total
» units
| Peon | 18 | |
| Grunt | 7 | |
| Troll Headhunter/Berserker | 1 | |
| Goblin Shredder | 1 | |
| Shaman | 7 | |
| Tauren | 8 | |
| Troll Batrider | 9 | |
| Wind Rider | 1 | |
52 total
» upgrades
| Melee Weapons | 3 | |
| Armor | 3 | |
| Spiked Barricades | 1 | |
| Shaman Training | 2 | |
| Pulverize | 1 | |
| Ranged Weapons | 3 | |
| Reinforced Defenses | 1 | |
| Liquid Fire | 1 | |
| Envenomed Spears | 1 | |
| Pillage | 1 | |
17 total
» buildings
| Altar of Storms | 1 | |
| Orc Burrow | 8 | |
| War Mill | 2 | |
| Barracks | 1 | |
| Voodoo Lounge | 1 | |
| Stronghold | 1 | |
| Great Hall | 1 | |
| Spirit Lodge | 2 | |
| Fortress | 1 | |
| Watch Tower | 7 | |
| Tauren Totem | 2 | |
| Beastiary | 2 | |
29 total
» build order
00:15 Altar of Storms
00:19 Orc Burrow
00:33 War Mill
00:37 War Mill
01:44 Barracks
01:57 Orc Burrow
03:02 Voodoo Lounge
04:06 Orc Burrow
04:36 Orc Burrow
04:53 Stronghold
05:53 Orc Burrow
06:05 Great Hall
07:55 Spirit Lodge
09:09 Fortress
09:25 Spirit Lodge
11:30 Watch Tower
11:51 Watch Tower
11:58 Tauren Totem
12:02 Tauren Totem
12:17 Orc Burrow
12:44 Orc Burrow
13:42 Watch Tower
13:46 Watch Tower
14:45 Watch Tower
15:22 Watch Tower
16:00 Orc Burrow
16:04 Watch Tower
18:59 Beastiary
20:27 Beastiary
» items
| Healing Salve | 1 | |
| Orb of Lightning | 2 | |
| Potion of Healing | 1 | |
4 total
Lordsonny (
blue | 27 APM | 1152 actions | 42:06)
7 Mountain King
3 Storm Bolt
2 Bash
1 Avatar
1 Thunder Clap
» actions
| Basic commands | 19 | |
| Build / train | 149 | |
| Enter build submenu | 24 | |
| Enter hero's abilities submenu | 7 | |
| Remove unit from queue | 1 | |
| Right click | 549 | |
| Select / deselect | 344 | |
| Use ability | 59 | |
1152 total
» units
| Peasant | 13 | |
| Footman | 4 | |
| Rifleman | 19 | |
| Siege Engine | 3 | |
| Priest | 6 | |
| Flying Machine | 54 | |
| Goblin Zeppelin | 3 | |
| Mortar Team | 19 | |
121 total
» upgrades
| Masonry | 3 | |
| Gunpowder | 3 | |
| Armor | 1 | |
| Long Rifles | 1 | |
| Lumber Harvesting | 2 | |
| Barrage | 1 | |
| Plating | 3 | |
| Flak Cannons | 1 | |
| Magic Sentry | 0 | |
| Flying Machine Bombs | 1 | |
16 total
» buildings
| Altar of Kings | 1 | |
| Farm | 11 | |
| Barracks | 2 | |
| Scout Tower | 1 | |
| Lumber Mill | 1 | |
| Blacksmith | 1 | |
| Guard Tower | 1 | |
| Keep | 1 | |
| Town Hall | 1 | |
| Castle | 1 | |
| Workshop | 2 | |
| Arcane Sanctum | 1 | |
24 total
» build order
00:30 Altar of Kings
00:43 Farm
01:03 Barracks
01:40 Farm
01:54 Scout Tower
02:26 Farm
02:41 Lumber Mill
03:36 Blacksmith
03:42 Barracks
03:59 Guard Tower
04:59 Farm
05:05 Farm
05:45 Farm
06:07 Keep
06:56 Farm
07:35 Town Hall
09:03 Castle
10:30 Workshop
10:36 Arcane Sanctum
12:03 Farm
12:50 Farm
14:24 Farm
15:33 Farm
18:13 Workshop
hot_garbage (
red | 19 APM | 833 actions | 42:48)
4 Demon Hunter
2 Mana Burn
2 Evasion
» actions
| Basic commands | 8 | |
| Build / train | 112 | |
| Enter build submenu | 42 | |
| Enter hero's abilities submenu | 4 | |
| Right click | 256 | |
| Select / deselect | 333 | |
| Use ability | 78 | |
833 total
» units
| Wisp | 35 | |
| Archer | 10 | |
| Huntress | 4 | |
| Goblin Shredder | 2 | |
| Goblin Zeppelin | 1 | |
| Hippogryph | 9 | |
| Dryad | 8 | |
| Chimaera | 5 | |
| Mountain Giant | 6 | |
80 total
» upgrades
| Strength of the Moon | 3 | |
| Moon Armor | 3 | |
| Nature's Blessing | 1 | |
| Upgrade Moon Glaive | 1 | |
| Marksmanship | 1 | |
| Improved Bows | 1 | |
| Hippogryph Taming | 1 | |
| Abolish Magic | 1 | |
| Strength of the Wild | 2 | |
| Reinforced Hides | 2 | |
| Ultravision | 1 | |
| Well Spring | 1 | |
| Corrosive Breath | 1 | |
| Hardened Skin | 1 | |
| Resistant Skin | 1 | |
21 total
» buildings
| Altar of Elders | 1 | |
| Moon Well | 15 | |
| Ancient of War | 1 | |
| Hunter's Hall | 1 | |
| Ancient Protector | 11 | |
| Tree of Life | 7 | |
| Ancient of Wonders | 2 | |
| Tree of Ages | 1 | |
| Tree of Eternity | 2 | |
| Ancient of Wind | 2 | |
| Ancient of Lore | 1 | |
| Chimaera Roost | 3 | |
47 total
» build order
00:14 Altar of Elders
00:38 Moon Well
01:45 Ancient of War
02:16 Hunter's Hall
02:54 Moon Well
05:09 Ancient Protector
05:23 Moon Well
06:23 Tree of Life
07:49 Ancient Protector
07:54 Ancient Protector
07:59 Ancient of Wonders
08:02 Tree of Ages
08:07 Ancient Protector
08:32 Ancient Protector
08:46 Ancient Protector
09:24 Moon Well
09:32 Tree of Life
10:15 Ancient Protector
11:10 Ancient Protector
11:23 Tree of Eternity
11:45 Ancient of Wonders
14:56 Tree of Life
16:01 Ancient of Wind
16:06 Ancient of Wind
16:14 Ancient of Lore
20:11 Moon Well
20:33 Chimaera Roost
20:57 Tree of Life
22:42 Ancient Protector
22:51 Tree of Life
22:57 Moon Well
23:12 Moon Well
23:21 Chimaera Roost
24:01 Ancient Protector
24:50 Chimaera Roost
29:25 Ancient Protector
30:04 Moon Well
30:15 Tree of Life
31:45 Moon Well
31:50 Moon Well
31:51 Moon Well
31:53 Moon Well
31:54 Moon Well
31:55 Moon Well
31:58 Moon Well
37:19 Tree of Life
» items
Chat log
(00:18 / Allies) DarthVader: footies to gryphs here
(00:19 / All) Lordsonny: im massing cock and making pink eat it
(00:22 / All) G13M: sup sonny
(00:35 / All) Lordsonny: hey bro
(00:41 / Allies) DarthVader: footies to gryphs here
(00:42 / All) G13M: remember me
(00:55 / All) Lordsonny: i remeber the name a little wasnt u in clan tbe?
(01:05 / All) G13M: yea .. wen it first started
(01:10 / All) Lordsonny: o yea
(01:15 / All) SUPAlos3: im in clan FAG
(01:17 / All) SUPAlos3: /w to join
(01:23 / All) G13M: u made it
(01:34 / All) Lordsonny: ok oj thats nice
(01:45 / All) Lordsonny: yea its still around
(01:54 / All) G13M: pretty big?
(02:16 / All) Lordsonny: we was up to 2 clans then i got really sick and it went to shit
(02:21 / All) Lordsonny: but im working on it agian
(02:37 / All) G13M: dam so which one is it runnning right now
(02:51 / All) Lordsonny: clan tbe there was a tde also
(03:05 / All) Lordsonny: the chief of that one disbaned it
(03:14 / All) Lordsonny: about 6 months ago
(03:14 / All) G13M: dam so whats tde??
(03:48 / All) Lordsonny: what u mena?
(04:02 / All) G13M: what does tde stand fo
(04:11 / All) Lordsonny: the dark empire
(04:23 / All) Lordsonny: its dead tho
(04:28 / All) Lordsonny: only tbe now
(04:32 / All) Lordsonny: the black empire
(04:32 / All) G13M: dam so ur the chief of tbe still
(04:37 / All) Lordsonny: yea
(04:54 / All) G13M: am i welcome to get in it
(05:01 / All) Lordsonny: fuck yea
(05:09 / All) G13M: thxs bro after the game
(05:13 / All) Lordsonny: kk
(05:21 / All) G13M: glhf
(05:24 / All) Lordsonny: ill put u on shaman list
(05:26 / All) Lordsonny: u too
(05:28 / All) G13M: ty
(06:25 / Allies) G13M: whos mele
(06:31 / All) DarthVader: footies to gryphs here
(06:38 / All) Lordsonny: bice teal
(06:40 / Allies) G13M: no mele
(06:42 / All) Lordsonny: nice teal
(06:46 / Allies) DarthVader: thx
(07:02 / Allies) backin7years: me
(07:04 / Allies) backin7years: i am your melee
(07:10 / Allies) G13M: ty6
(07:35 / Allies) SUPAlos3: licH?
(11:16 / Allies) G13M: ok wtf are u going orange
(11:27 / Allies) SUPAlos3: ull see in a sec
(12:13 / Allies) DarthVader: thx
(13:44 / All) Lordsonny: im r4eady
(14:37 / Allies) SUPAlos3: nvm
(14:39 / Allies) SUPAlos3: dont htink
(14:41 / Allies) SUPAlos3: we can
(15:34 / Allies) SUPAlos3: they're
(15:35 / Allies) SUPAlos3: immune
(16:04 / Allies) G13M: wtf pink
(16:08 / Allies) G13M: i need that'
(16:15 / Allies) G13M: ty
(16:31 / Allies) DarthVader: wehre to?
(17:40 / Allies) backin7years: i need to move
(17:48 / Allies) DarthVader: we need to hit expos
(18:32 / Allies) DarthVader: stuck?
(18:41 / Allies) SUPAlos3: GREAT WALL
(18:44 / Allies) SUPAlos3: OF WARCRAFT
(18:46 / Allies) DarthVader: lol
(18:58 / Allies) DarthVader: oj
(19:08 / Allies) DarthVader: make sure you tech the walls with lumber mill
(19:15 / Allies) DarthVader: otherwise they are no good
(19:19 / Allies) G13M: they are
(19:19 / Allies) backin7years: need to hit
(19:20 / Allies) SUPAlos3: look
(19:21 / Allies) SUPAlos3: for urself
(19:22 / Allies) SUPAlos3: sir
(19:23 / Allies) backin7years: meet
(19:26 / Allies) DarthVader: thnx
(20:20 / Allies) backin7years: come
(20:47 / All) SUPAlos3: WTF
(20:49 / All) SUPAlos3: GET AWAY
(20:55 / Allies) DarthVader: go
(20:55 / Allies) G13M: get tanks
(21:09 / Allies) backin7years: go
(21:38 / Allies) SUPAlos3: stick
(21:39 / Allies) SUPAlos3: together
(22:26 / Allies) G13M: b
(22:26 / Allies) SUPAlos3: b
(22:27 / Allies) G13M: b
(22:27 / Allies) G13M: b
(22:27 / Allies) G13M: b
(22:28 / Allies) G13M: b
(22:29 / Allies) SUPAlos3: to towers
(22:30 / Allies) SUPAlos3: then we win
(22:31 / Allies) SUPAlos3: gg
(22:51 / Allies) backin7years: why what's wrong?
(22:56 / Allies) SUPAlos3: MAUHAHAH
(22:58 / Allies) SUPAlos3: YEAH NIGGA
(23:26 / Allies) backin7years: got it
(24:16 / Allies) DarthVader: kill tanks pink
(24:24 / Allies) DarthVader: get tnaks
(24:31 / Allies) DarthVader: thsnk
(26:35 / Allies) backin7years: birds to me
(26:43 / Allies) backin7years: come
(30:29 / All) SUPAlos3: WTF
(30:32 / All) SUPAlos3: U TAKE DOWN GREA
(30:35 / All) SUPAlos3: GREAT WALL
(30:36 / All) SUPAlos3: OF WC3?
(31:20 / Allies) SUPAlos3: protect
(32:35 / Allies) DarthVader: we need tanks to destroy them
(32:47 / Allies) SUPAlos3: they got no air tho
(35:05 / Allies) DarthVader: green come please
(35:21 / Allies) DarthVader: greemn
(36:20 / All) Lordsonny: oj ur toweing is so nub
(36:25 / All) SUPAlos3: FUCK U NIGGA
(36:31 / All) SUPAlos3: GET PAST MY GREAT WALL AND WE CAN TALK
(36:37 / All) Lordsonny: and u get mad when i say that cause its tru
(37:00 / Allies) DarthVader: green
(38:06 / Allies) SUPAlos3: yo
(38:07 / Allies) SUPAlos3: gtifts
(38:08 / Allies) SUPAlos3: atk
(38:09 / Allies) SUPAlos3: the banish
(38:10 / Allies) SUPAlos3: heroes
(38:50 / Allies) SUPAlos3: let me check
(39:01 / Allies) SUPAlos3: k
(39:03 / Allies) SUPAlos3: they have no gold
(39:19 / Allies) SUPAlos3: ill handle this
(39:32 / All) SUPAlos3: GG
(39:32 / All) SUPAlos3: NUIBS
(39:47 / All) Lordsonny: lol tower nub
(39:48 / All) SUPAlos3: CANT EVEN PAST GREAT WALL
(39:49 / All) SUPAlos3: OF Wc3
(39:57 / All) Lordsonny: let me be n ur team ever and im going to tk
(40:03 / All) SUPAlos3: idc
(40:06 / All) SUPAlos3: look at my stats
(40:06 / All) Lordsonny: im writing ur name down
(40:09 / All) SUPAlos3: not my main acct
(40:10 / All) SUPAlos3: nerd
(40:11 / All) SUPAlos3: Rofl
(40:17 / All) Lordsonny: i bet not bitch
(40:28 / All) SUPAlos3: only total of like 50 games
(40:30 / All) SUPAlos3: so ya ok
(40:31 / All) Lordsonny: did ur dad beat u when he got home last night?
(40:34 / All) SUPAlos3: ROFL?
(40:35 / All) SUPAlos3: nerd
(40:40 / All) Lordsonny: so u feel better when u tower
(40:48 / All) Lordsonny: like ur incontrol of somthing
(40:50 / All) SUPAlos3: wna cry more over a game?
(41:04 / All) Lordsonny: im not just calling u a tower bitch is all
(41:12 / All) SUPAlos3: K
(41:16 / All) SUPAlos3: U HURT MY FEELINGS
(41:17 / All) SUPAlos3: GG
(41:52 / Allies) DarthVader: come guys we have them cornered
(42:29 / All) SUPAlos3: GREAT WALL
(42:31 / All) SUPAlos3: GREAT WALL
(42:38 / Allies) G13M: good work oranfe
(42:40 / Allies) DarthVader: gg oj
(42:40 / Allies) SUPAlos3: yep
(42:42 / Allies) SUPAlos3: see
(42:45 / Allies) SUPAlos3: u just gotta
(42:45 / All) hot_garbage: your mom is a slut
(42:47 / Allies) SUPAlos3: trust the wall